 Dungeon Sprint DCSS version 0.16-a0-3606-g1520cdc (webtiles) character file.

14877 BluebellGnoll the Fetichist (level 11, -1/95 HPs)
             Began as a Deep Dwarf Gladiator on Jan 13, 2015.
             Was the Champion of Makhleb.
             Succumbed to Fenalay's toxic radiance
             ... while paralysed by a giant eyeball
             ... in the Dungeon (Sprint V: "Ziggurat Sprint").
             The game lasted 00:19:03 (759 turns).

BluebellGnoll the Fetichist (Deep Dwarf Gladiator)   Turns: 759, Time: 00:19:03

Health: -1/95      AC: 37    Str: 25    XL:     11   Next: 94%
Magic:  29/36      EV:  2    Int:  8    God:    Makhleb [******]
Gold:   0          SH:  0    Dex: 23    Spells: 0 memorised, 10 levels left

rFire  . . .     SeeInvis +     s - +14 obsidian axe {chop, +Fly Str+3 SInv Curse}
rCold  . . .     Clarity  .     N - +15 Maxwell's patent armour {-Cast -Tele rElec MR+ rCorr}
rNeg   + . .     SustAb   .     t - +18 shield of the gong {rElec rN+ MR+ EV-5}
rPois  .         Gourm    .     c - +0 helmet
rElec  +         Spirit   .     P - +1 cloak {MR+}
rCorr  +         Warding  .     K - +2 pair of gloves {Dex+3}
rMut   +         NoTele   +     X - +0 pair of boots {Stlth+}
MR     +++++     NoCast   +     O - amulet of resist mutation
Stlth  ..........               W - ring of Bufos {+Fly rElec MR+ MP+9 Stlth+}
                                q - +6 ring of dexterity

@: paralysed, lethally poisoned, mesmerised, non-regenerating, almost entirely
resistant to hostile enchantments, extremely unstealthy
A: damage resistance, recharge devices, frail 1, sense surroundings 2, slow
healing 3
a: Device Recharging, Minor Destruction, Lesser Servant of Makhleb, Major
Destruction, Greater Servant of Makhleb, Renounce Religion, Evoke Flight


You were in the Dungeon.
You worshipped Makhleb.
Makhleb was exalted by your worship.
You were very full.

You visited 1 branch

Inventory:

Hand weapons
 s - the +14 obsidian axe (weapon) {chop, +Fly Str+3 SInv Curse}
   (You found it in the Dungeon)

   It inflicts extra damage upon your enemies.
   It affects your strength (+3).
   It enhances your eyesight.
   It lets you fly.
   It may recurse itself when equipped.
 v - a +5 vampiric broad axe
 V - the cursed +3 battleaxe of Order {chop, +Blink rF+ Str+4 Int+5}
   (You found it in the Dungeon)

   It inflicts extra damage upon your enemies.
   It affects your strength (+4).
   It affects your intelligence (+5).
   It protects you from fire.
   It lets you blink.
   It has a curse placed upon it.
Missiles
 d - 3 throwing nets (quivered)
Armour
 c - a +0 helmet (worn)
 t - the +18 shield of the gong (worn) {rElec rN+ MR+ EV-5}
   (You found it in the Dungeon)

   It affects your evasion (-5).
   It insulates you from electricity.
   It protects you from negative energy.
   It affects your resistance to hostile enchantments.
 w - a +5 gold dragon armour
 K - a +2 pair of gloves of dexterity (worn)
 N - the +15 Maxwell's patent armour (worn) {-Cast -Tele rElec MR+ rCorr}
   (You found it in the Dungeon)

   It insulates you from electricity.
   It affects your resistance to hostile enchantments.
   It prevents spellcasting.
   It prevents most forms of teleportation.
   It protects you from acid and corrosion.
 P - a +1 cloak of magic resistance (worn)
 X - a +0 pair of boots of stealth (worn)
Jewellery
 a - an uncursed ring of protection from magic
 q - a +6 ring of dexterity (left hand)
 u - a +6 ring of strength
 y - an uncursed ring of poison resistance
 O - an amulet of resist mutation (around neck)
 R - an uncursed ring of protection from cold
 S - an uncursed ring of fire
 T - an uncursed ring of positive energy
 W - the ring of Bufos (right hand) {+Fly rElec MR+ MP+9 Stlth+}
   (You found it in the Dungeon)

   [ring of magical power]

   It insulates you from electricity.
   It affects your resistance to hostile enchantments.
   It affects your magic capacity (+9).
   It lets you fly.
   It makes you more stealthy.
 Y - the amulet "Ynilucev" {Gourm rF+ HP+9}
   (You found it in the Dungeon)

   [amulet of the gourmand]

   It allows you to eat raw meat even when not hungry.
   It protects you from fire.
   It affects your health (+9).
Magical devices
 e - a wand of heal wounds (4)
 m - a wand of disintegration (7)
 n - a wand of fire (11)
 o - a wand of cold (7)
 p - a wand of draining (5)
Scrolls
 l - 4 scrolls of blinking
 A - 3 scrolls of recharging
 B - 6 scrolls of fog
 C - a scroll of holy word
 D - 5 scrolls of identify
 E - 4 scrolls of remove curse
 F - 2 scrolls of fear
Potions
 g - 10 potions of curing
 h - 10 potions of heal wounds
 i - 6 potions of haste
 j - 7 potions of magic
 k - 3 potions of berserk rage
 G - 2 potions of brilliance
 H - 2 potions of invisibility
 I - 2 potions of restore abilities
 J - 4 potions of resistance
 L - 5 potions of agility
 M - 5 potions of might
Books
 r - a tome of Destruction
Miscellaneous
 b - a legendary deck of war
 Q - a lamp of fire
 U - a plain deck of defence
Comestibles
 f - 5 bread rations
 x - 42 fruits
 z - 4 meat rations


   Skills:
 - Level 9.1 Fighting
 - Level 12.6 Axes
 - Level 1.7 Throwing
 - Level 8.5 Armour
 - Level 3.2 Dodging
 + Level 18.4 Shields
 - Level 13.2 Invocations
 * Level 20.0 Evocations


You had 10 spell levels left.
You didn't know any spells.

Dungeon Overview and Level Annotations

Branches:
Dungeon (1/1)

Altars:
Ashenzari
Cheibriados
Dithmenos
Elyvilon
Fedhas
Gozag
Kikubaaqudgha
Makhleb
Nemelex Xobeh
Okawaru
Qazlal
Ru
Sif Muna
Trog
Vehumet
Xom
Yredelemnul
Zin
The Shining One
Beogh
Jiyva
Lugonu


Innate Abilities, Weirdness & Mutations

You are resistant to damage.
You can recharge devices by infusing magical energy.
You passively map the area around you.
You do not heal naturally.
You are frail (-10% HP).


Message History

* * * LOW HITPOINT WARNING * * *
You are more poisoned.
Ucuv hits you but does no damage. Fenalay hits you but does no damage.
The putrid corrupter hits you but does no damage.
Something hits your cacodemon!
Ucuv casts a spell.
Send 'em back where they came from!
Your cacodemon shudders.
Something hits your cacodemon but does no damage.
Something closely misses your cacodemon.
Something hits your cacodemon but does no damage.
Something hits your cacodemon.
Your cacodemon gestures at the putrid corrupter.
The putrid corrupter seems to slow down.
Fenalay hits you!!
* * * LOW HITPOINT WARNING * * *
Your reaper hits the putrid corrupter from afar with a scythe of flaming!
Your reaper burns the putrid corrupter.
The sixfirhy hits you but does no damage.
You die...

, ,46" ,,▓...8©8...▓
,..G&G.... ▓..):.3...▓ ,
...GG......▓...=.)...▓ ,
, ,
▓.&4....&...▓....[....▓ ,
*...G..G....▓.........▓ ,
▓....4.§....▓.........▓
,,▓..▓§§2§§▓..▓.........▓
, ,
,,▓...&46&.§..▓.▓.....▓.▓
,,,
▓...2&@§....▓.....|...▓
▓▓▓▓▓▓▓▓▓▓▓▓▓▓▓▓▓▓▓▓▓▓▓ ,
▓...8©8...▓...8©8...▓.. ,
* ▓..)|.:==.▓..[:.)|..▓..
, ,
▓..)|::)..▓..|:43)..▓.. ,
,
,▓....?....▓.........▓..
, ,
▓....†....▓.........▓.. *
* *
▓.........▓.........▓.. 8
▓...†.)...▓....%....▓..


You could see Fenalay, Ucuv, a putrid corrupter, a sixfirhy, the friendly
Fenalay (paralysed), a friendly cacodemon and a friendly reaper.

Vanquished Creatures
  2 fire giants (D)
  A spriggan air mage (D)
  A death yak (D)
  3 hell hogs (D)
  2 spriggan berserkers (D)
  A sun demon (D)
  2 wolf spiders (D)
  A shining eye (D)
  An eye of devastation (D)
  A fire drake (D)
  An efreet (D)
  4 dryads (D)
  A guardian mummy (D)
  A jumping spider (D)
  3 slime creatures (D)
  A tarantella (D)
  A wolf (D)
  5 hell hounds (D)
  2 porcupines (D)
  2 orc warriors (D)
  A small abomination (D)
  2 phantoms (D)
  2 scorpions (D)
  3 crimson imps (D)
  3 quasits (D)
  6 starcursed masses (D)
  An orc priest (D)
  3 iron imps (D)
  3 iguanas (D)
  5 orc wizards (D)
  A mummy (D)
  3 shadow imps (D)
  A river rat (D)
  A white imp (D)
  3 ufetubi (D)
  An orc (D)
  2 bat zombies (D)
  A jackal (D)
  A giant cockroach zombie (D)
79 creatures vanquished.

Vanquished Creatures (collateral kills)
  2 dire elephants (D)
  A shining eye (D)
3 creatures vanquished.

Vanquished Creatures (others)
  A soul eater (D)
1 creature vanquished.

Grand Total: 83 creatures vanquished

Notes
Turn   | Place    | Note
--------------------------------------------------------------
     0 | D        | BluebellGnoll, the Deep Dwarf Gladiator, began the quest for the Orb.
     0 | D        | Reached XP level 1. HP: 19/19 MP: 1/1
     0 | D        | Found a viscous altar of Jiyva.
     0 | D        | Found a corrupted altar of Lugonu.
     0 | D        | Found a white marble altar of Elyvilon.
     2 | D        | Found a sparkling altar of Nemelex Xobeh.
     2 | D        | Found a burning altar of Makhleb.
     2 | D        | Found a deep blue altar of Sif Muna.
     3 | D        | Found a bloodstained altar of Trog.
     6 | D        | Found an iron altar of Okawaru.
    18 | D        | Found a radiant altar of Vehumet.
    27 | D        | Found a basalt altar of Yredelemnul.
    27 | D        | Found a shimmering altar of Xom.
    66 | D        | Became a worshipper of Makhleb the Destroyer
    69 | D        | Reached skill level 8 in Armour
    69 | D        | Reached XP level 2. HP: 26/26 MP: 2/2
    71 | D        | Entered arena 1.
    71 | D        | Noticed a guardian mummy
    82 | D        | Killed a guardian mummy
    82 | D        | Reached skill level 5 in Fighting
    82 | D        | Reached skill level 9 in Axes
    82 | D        | Reached XP level 3. HP: 20/40 MP: 3/3
    82 | D        | Reached XP level 4. HP: 24/48 MP: 4/4
    82 | D        | Reached XP level 5. HP: 27/55 MP: 5/5
   289 | D        | Entered arena 2.
   289 | D        | Noticed an iron imp
   289 | D        | Noticed a crimson imp
   295 | D        | Acquired Makhleb's first power
   295 | D        | Reached skill level 1 in Shields
   296 | D        | Killed an iron imp
   296 | D        | Reached XP level 6. HP: 62/62 MP: 6/6
   297 | D        | Killed a crimson imp
   297 | D        | Reached skill level 5 in Shields
   311 | D        | Entered arena 3.
   311 | D        | Noticed a crimson imp
   311 | D        | Noticed a quasit
   311 | D        | Noticed a hell hound
   314 | D        | Acquired Makhleb's second power
   315 | D        | Killed a crimson imp
   316 | D        | Killed a quasit
   317 | D        | Killed a hell hound
   317 | D        | Acquired Makhleb's third power
   334 | D        | Entered arena 4.
   334 | D        | Noticed a phantom
   334 | D        | Noticed a phantom
   344 | D        | Killed a phantom
   344 | D        | Reached XP level 7. HP: 68/68 MP: 6/11
   352 | D        | Killed a phantom
   352 | D        | Acquired Makhleb's fourth power
   352 | D        | Reached skill level 5 in Invocations
   362 | D        | Entered arena 5.
   362 | D        | Noticed a quasit
   362 | D        | Noticed a small abomination
   364 | D        | Killed a small abomination
   368 | D        | Killed a quasit
   370 | D        | Acquired Makhleb's fifth power
   381 | D        | Entered arena 6.
   381 | D        | Noticed a wolf spider
   381 | D        | Noticed a tarantella
   381 | D        | Noticed a wolf spider
   381 | D        | Noticed a scorpion
   381 | D        | Noticed a scorpion
   381 | D        | Noticed a jumping spider
   383 | D        | Killed a scorpion
   383 | D        | Killed a scorpion
   384 | D        | Killed a tarantella
   384 | D        | Reached XP level 8. HP: 76/76 MP: 11/19
   386 | D        | Killed a jumping spider
   386 | D        | Reached skill level 10 in Invocations
   386 | D        | Reached skill level 10 in Evocations
   387 | D        | Killed a wolf spider
   387 | D        | Reached skill level 12 in Invocations
   387 | D        | Killed a wolf spider
   387 | D        | Reached skill level 13 in Invocations
   387 | D        | Gained mutation: You passively map the area around you. [level up]
   387 | D        | Reached XP level 9. HP: 82/82 MP: 13/25
   404 | D        | Got the cursed +3 battleaxe of Order {chop, +Blink rF+ Str+4 Int+5}
   406 | D        | Entered arena 7.
   406 | D        | Noticed a slime creature
   406 | D        | Noticed an eye of devastation
   406 | D        | Noticed a shining eye
   406 | D        | Noticed a slime creature
   406 | D        | Noticed a shining eye
   406 | D        | Noticed a slime creature
   409 | D        | Killed a shining eye
   409 | D        | Reached skill level 10 in Axes
   412 | D        | Killed a slime creature
   412 | D        | Gained mutation: You are frail (-10% HP). [a shining eye]
   414 | D        | Killed a slime creature
   415 | D        | Killed a slime creature
   416 | D        | Killed a shining eye
   417 | D        | Killed an eye of devastation
   424 | D        | Got the ring of Bufos {+Fly rElec MR+ MP+9 Stlth+}
   428 | D        | Entered arena 8.
   428 | D        | Noticed a porcupine
   428 | D        | Noticed an iguana
   428 | D        | Noticed a porcupine
   428 | D        | Noticed an iguana
   428 | D        | Noticed an iguana
   430 | D        | Killed a porcupine
   430 | D        | Killed an iguana
   430 | D        | Killed an iguana
   430 | D        | Killed a porcupine
   432 | D        | Killed an iguana
   445 | D        | Got the amulet "Ynilucev" {Gourm rF+ HP+9}
   452 | D        | Entered arena 9.
   452 | D        | Noticed a quasit
   452 | D        | Noticed a starcursed mass
   452 | D        | Noticed an iron imp
   452 | D        | Noticed an iron imp
   452 | D        | Noticed a crimson imp
   456 | D        | Killed a crimson imp
   458 | D        | Killed an iron imp
   458 | D        | Reached XP level 10. HP: 77/89 MP: 26/26
   458 | D        | Killed a quasit
   458 | D        | Reached skill level 10 in Shields
   459 | D        | Killed a starcursed mass
   459 | D        | Paralysed by accursed screaming for 2 turns
   463 | D        | Killed an iron imp
   465 | D        | Killed a starcursed mass
   466 | D        | Killed a starcursed mass
   467 | D        | Killed a starcursed mass
   467 | D        | Killed a starcursed mass
   469 | D        | Killed a starcursed mass
   508 | D        | Entered arena 10.
   508 | D        | Noticed an orc wizard
   508 | D        | Noticed an orc warrior
   508 | D        | Noticed an orc warrior
   508 | D        | Noticed an orc wizard
   508 | D        | Noticed an orc priest
   508 | D        | Noticed an orc wizard
   508 | D        | Noticed an orc wizard
   508 | D        | Noticed an orc wizard
   510 | D        | Killed an orc wizard
   510 | D        | Killed an orc priest
   511 | D        | Killed an orc wizard
   512 | D        | Killed an orc warrior
   512 | D        | Killed an orc warrior
   514 | D        | Killed an orc wizard
   515 | D        | Killed an orc wizard
   519 | D        | Killed an orc wizard
   605 | D        | Entered arena 11.
   605 | D        | Noticed a dryad
   605 | D        | Noticed a spriggan air mage
   605 | D        | Noticed a spriggan berserker
   605 | D        | Noticed a dryad
   605 | D        | Noticed a wolf
   605 | D        | Noticed a dire elephant
   605 | D        | Noticed a spriggan berserker
   605 | D        | Noticed a dryad
   606 | D        | Noticed a dire elephant
   607 | D        | Noticed a death yak
   607 | D        | Noticed a dryad
   607 | D        | Killed a wolf
   612 | D        | Killed a dryad
   613 | D        | Noticed an elephant
   614 | D        | Killed a spriggan berserker
   614 | D        | Reached skill level 14 in Evocations
   615 | D        | Killed a spriggan air mage
   615 | D        | Reached skill level 15 in Evocations
   616 | D        | Killed a dryad
   616 | D        | Killed a dire elephant
   616 | D        | Reached skill level 16 in Evocations
   617 | D        | Killed a dryad
   617 | D        | Killed a dryad
   617 | D        | Reached XP level 11. HP: 95/95 MP: 25/27
   619 | D        | Killed a death yak
   620 | D        | Killed a spriggan berserker
   622 | D        | Killed a dire elephant
   622 | D        | Reached skill level 15 in Shields
   622 | D        | Reached skill level 17 in Evocations
   693 | D        | Entered arena 12.
   693 | D        | Noticed a fire drake
   693 | D        | Noticed an efreet
   693 | D        | Noticed a hell hound
   693 | D        | Noticed a hell hound
   693 | D        | Noticed a fire giant
   693 | D        | Noticed a hell hound
   693 | D        | Noticed a hell hog
   693 | D        | Noticed a fire giant
   694 | D        | Noticed a hell hog
   695 | D        | Noticed a hell hound
   696 | D        | Noticed a hell hog
   696 | D        | Killed a hell hound
   697 | D        | Killed a hell hound
   698 | D        | Killed a fire drake
   700 | D        | Killed a hell hog
   700 | D        | Reached skill level 18 in Evocations
   701 | D        | Killed a fire giant
   701 | D        | Killed a hell hound
   701 | D        | Killed an efreet
   702 | D        | Killed a hell hog
   702 | D        | Reached skill level 19 in Evocations
   703 | D        | Killed a hell hog
   707 | D        | Killed a hell hound
   710 | D        | Killed a fire giant
   744 | D        | Entered arena 13.
   744 | D        | Noticed Fenalay the pandemonium lord
   744 | D        | Noticed a rust devil
   744 | D        | Noticed a sun demon
   745 | D        | Noticed a putrid corrupter
   745 | D        | Noticed Crenul the pandemonium lord
   752 | D        | Noticed Ucuv the pandemonium lord
   753 | D        | Killed a sun demon
   753 | D        | Reached skill level 20 in Evocations
   755 | D        | Noticed a sixfirhy
   756 | D        | Noticed an orange demon
   756 | D        | Paralysed by a giant eyeball for 4 turns
   758 | D        | HP: 3/95 [Fenalay the pandemonium lord (21)]
   759 | D        | Succumbed to Fenalay's toxic radiance

Action                   |  1- 3 |  4- 6 |  7- 9 | 10-12 || total
-------------------------+-------+-------+-------+-------++-------
Melee: Broad axe         |     9 |    20 |    23 |    37 ||    89
Invok: Major Destruction |       |       |    12 |     4 ||    16
       Greater Servant o |       |       |       |     1 ||     1
 Abil: Device Recharging |       |       |       |     3 ||     3
Evoke: Wand              |       |     1 |       |    11 ||    12
       Lamp of fire      |       |       |       |     1 ||     1
       Phantom mirror    |       |       |       |     1 ||     1
  Use: Potion            |     1 |       |       |       ||     1
       Scroll            |       |       |       |     3 ||     3
 Stab: Distracted        |       |       |       |     2 ||     2
  Eat: Chunk             |       |       |       |    24 ||    24
